Map: 아포테오시스 - 래더

Players

chankim

  • Race: Zerg Zerg

ByuN - Winner!

  • Race: Terran Terran
  • League: Master

VOD

Have the link to the VOD?

Description

Time

  • Played on: Sept. 13, 2016, 8:24 a.m.
  • Length: 14:28
Show
View Real Time Build Order
Export as new Build Order

chankim Zerg 

Build Orders: Hatch First 

Get SALT Encoding   

  12  0:01  Drone  
  13  0:12  Overlord  
  13  0:17  Drone  
  14  0:31  Drone x2  
  14  0:35  Drone  
  17  0:52  Hatchery  
  17  0:56  Drone  
  17  0:58  Drone  
  18  1:09  Extractor  
  17  1:13  Spawning Pool  
  17  1:16  Drone  
  17  1:20  Drone  
  18  1:28  Drone  
  19  1:38  Overlord  
  19  1:50  Drone  
  20  2:00  Queen  
  20  2:01  Zergling x2  
  23  2:04  Zergling x2, Queen  
  26  2:09  Metabolic Boost  
  26  2:12  Drone  
  27  2:17  Drone  
  27  2:22  Zergling x2  
  29  2:29  Overlord  
  29  2:37  Drone  
  29  2:39  Queen  
  29  2:42  Drone  
  33  2:45  Drone  
  33  2:47  Drone  
  35  2:54  Drone  
  35  2:58  Drone  
  37  3:06  Queen  
  37  3:07  Overlord  
  39  3:13  Drone  
  39  3:17  Drone x2  
  39  3:18  Drone  
  39  3:19  Drone  
  44  3:27  Drone x2  
  44  3:31  Drone  
  44  3:32  Hatchery  
  46  3:35  Drone  
  46  3:39  Overlord  
  46  3:40  Drone  
  46  3:41  Drone x3  
  51  3:45  Overlord  
  51  3:49  Drone  
  51  3:55  Overlord  
  52  3:58  Queen  
  52  3:59  Drone, Evolution Chamber  
  52  4:00  Evolution Chamber  
  53  4:06  Queen  
  53  4:09  Drone  
  56  4:13  Drone  
  56  4:15  Drone  
  58  4:20  Drone  
  58  4:21  Overlord, Drone x2  
  58  4:22  Drone  
  62  4:29  Drone x4  
  66  4:32  Overlord  
  66  4:36  Queen  
  66  4:37  Zergling x2  
  69  4:44  Zergling x2  
  69  4:45  Zergling x2  
  71  4:47  Extractor, Queen  
  71  4:49  Zergling x8  
  76  4:53  Zerg Ground Armor Level 1  
  76  4:55  Drone  
  76  4:57  Overlord  
  76  4:59  Drone  
  78  5:04  Zergling x4  
  78  5:05  Zergling x2  
  81  5:11  Zergling x2  
  81  5:12  Zergling x4  
  84  5:17  Zergling x12  
  84  5:19  Hatchery  
  89  5:22  Overlord  
  89  5:24  Drone  
  89  5:26  Drone x2  
  89  5:27  Zerg Melee Weapons Level 1, Drone  
  89  5:28  Drone  
  94  5:35  Overlord  
  91  5:37  Drone  
  91  5:39  Drone  
  91  5:40  Drone x2  
  93  5:45  Lair  
  93  5:47  Extractor, Baneling Nest  
  93  5:48  Drone  
  93  5:49  Drone  
  93  5:51  Hatchery, Drone  
  93  5:53  Drone x2  
  93  5:54  Drone  
  93  5:55  Drone  
  93  5:56  Drone x2  
  91  6:08  Zergling x10  
  85  6:19  Spore Crawler  
  85  6:20  Extractor  
  85  6:21  Extractor  
  85  6:23  Drone x6  
  88  6:26  Zergling x6  
  88  6:31  Zergling x6  
  88  6:32  Overlord  
  93  6:40  Zergling x2  
  93  6:41  Zergling x2  
  93  6:43  Overlord  
  93  6:45  Zergling x2  
  93  6:46  Baneling x7  
  93  6:47  Baneling x6  
  96  6:51  Pneumatized Carapace  
  96  6:52  Zergling x14  
  103  6:54  Extractor  
  103  6:56  Overlord  
  103  6:58  Zergling x8  
  103  6:59  Zergling x2  
  107  7:07  Overlord, Centrifical Hooks  
  107  7:10  Zergling x6  
  107  7:11  Zergling x2  
  107  7:13  Queen  
  107  7:15  Overlord  
  113  7:17  Drone  
  113  7:18  Infestation Pit  
  113  7:19  Drone x3  
  113  7:21  Drone x2  
  118  7:26  Zerg Ground Armor Level 2  
  118  7:27  Overlord  
  118  7:28  Drone  
  119  7:30  Baneling x3  
  119  7:31  Drone x2  
  119  7:34  Zergling x10  
  119  7:36  Overlord  
  126  7:37  Baneling x3  
  111  7:51  Zergling x22  
  111  7:52  Zergling x2  
  120  7:59  Zergling x2  
  120  8:00  Zerg Melee Weapons Level 2, Zergling x4  
  120  8:03  Hive  
  123  8:06  Zergling x16  
  123  8:10  Overlord  
  123  8:12  Zergling x4  
  133  8:13  Baneling x6  
  133  8:16  Zergling x4  
  135  8:25  Spore Crawler, Zergling x10  
  137  8:27  Hatchery, Zergling x8  
  137  8:39  Zergling x8  
  140  8:47  Zergling x20  
  148  8:50  Extractor  
  142  8:57  Drone x3  
  142  9:01  Drone x2  
  142  9:02  Drone x2  
  147  9:03  Drone x2  
  147  9:07  Drone x2  
  147  9:08  Overlord  
  147  9:09  Zergling x2  
  152  9:10  Zergling x4  
  152  9:13  Overseer  
  142  9:20  Zergling x2  
  142  9:21  Zergling x12  
  143  9:26  Zergling x6  
  143  9:29  Zergling x2  
  143  9:30  Zergling x2  
  145  9:33  Zergling x2  
  145  9:34  Zergling x2  
  140  9:42  Ultralisk Cavern  
  121  9:52  Zergling x16  
  95  10:00  Zerg Ground Armor Level 3  
  95  10:19  Baneling  
  95  10:20  Baneling x6  
  93  10:32  Ultralisk x5  
  93  10:33  Ultralisk  
  121  10:39  Zergling x6  
  121  10:40  Zergling x6  
  126  10:46  Chitinous Plating  
  116  11:15  Ultralisk  
  111  11:25  Overseer  
  105  11:35  Zergling x8  
  105  11:36  Zergling x10  
  110  11:48  Drone x7  
  117  11:59  Ultralisk  
  115  12:03  Zergling x22  
  124  12:13  Zergling x2  
  124  12:14  Hatchery, Zergling x8  
  109  12:37  Overseer  
  108  12:56  Drone x6  
  108  12:57  Drone x3  
  108  12:58  Extractor, Drone x3  
  108  12:59  Drone x3  
  113  13:15  Zergling x2  
  113  13:16  Zergling x8  
  118  13:23  Extractor  
  118  13:25  Extractor  
  116  13:28  Drone x6  
  116  13:30  Extractor  
  116  13:32  Hatchery, Ultralisk  
  116  13:34  Extractor  
  125  13:38  Zergling x10  
  130  13:54  Spire  
  125  14:00  Zergling x2  
  125  14:01  Zergling x12  
  132  14:04  Zergling x8  
  132  14:05  Zergling x4  
Show
View Real Time Build Order
Export as new Build Order

ByuN Terran - Winner!

Build Orders: Reaper Expand, MMM Bio 

Get SALT Encoding   

  12  0:00  SCV  
  13  0:13  SCV  
  14  0:17  Supply Depot  
  14  0:25  SCV  
  15  0:38  SCV  
  15  0:40  Barracks  
  16  0:44  Refinery  
  16  0:50  SCV  
  17  1:02  SCV  
  18  1:14  SCV  
  19  1:27  Reaper  
  19  1:28  Orbital Command  
  20  1:40  Command Center  
  20  1:50  Barracks  
  20  1:54  SCV  
  20  2:00  Barracks Reactor  
  21  2:04  Supply Depot  
  21  2:07  SCV  
  22  2:19  SCV  
  22  2:20  Factory  
  23  2:23  Refinery  
  23  2:31  SCV  
  24  2:39  Marine x2  
  24  2:41  Barracks Tech Lab  
  24  2:43  SCV  
  27  2:52  Orbital Command  
  27  2:57  Marine x2, SCV  
  30  3:01  Stimpack  
  30  3:03  Marine  
  31  3:09  SCV  
  32  3:15  Marine x2  
  34  3:21  Marine, SCV x2  
  34  3:25  Starport  
  37  3:30  Factory Reactor  
  37  3:33  SCV x2  
  39  3:37  Marine  
  39  3:38  Supply Depot  
  39  3:39  Marine  
  39  3:40  Marine  
  42  3:45  SCV x2  
  44  3:54  Supply Depot  
  44  3:55  Marine  
  45  3:56  Marine  
  45  4:00  Marine, SCV x2  
  45  4:02  Supply Depot  
  49  4:12  SCV x2  
  49  4:14  Marine  
  49  4:15  Marine  
  55  4:19  Medivac  
  55  4:20  Medivac  
  57  4:24  SCV x2  
  57  4:26  Engineering Bay  
  57  4:30  Engineering Bay  
  59  4:32  Marine  
  59  4:36  Refinery, SCV x2  
  62  4:39  Marine  
  62  4:43  Marine  
  62  4:45  Widow Mine  
  64  4:46  Supply Depot  
  64  4:48  Medivac  
  68  4:58  Marine x2  
  70  5:00  Terran Infantry Weapons Level 1  
  70  5:01  Terran Infantry Armor Level 1  
  70  5:03  Supply Depot  
  70  5:06  Supply Depot  
  70  5:07  Marine, SCV x2  
  70  5:13  Supply Depot  
  73  5:14  Combat Shields  
  73  5:16  Marine x2  
  73  5:20  SCV x2  
  77  5:25  Marine  
  78  5:34  Marine x2  
  77  5:42  Marine  
  77  5:47  Command Center, Factory Reactor  
  78  5:52  Marine x2  
  78  5:56  Barracks  
  80  6:00  Marine  
  77  6:10  Marine x2  
  63  6:14  SCV x2  
  64  6:18  Marine  
  64  6:19  Refinery  
  64  6:21  Medivac x2  
  64  6:22  Barracks x2  
  69  6:27  Marine  
  69  6:28  Marine  
  69  6:29  Armory, SCV x2  
  73  6:36  Liberator, Marine  
  73  6:38  Liberator, Factory Reactor  
  74  6:41  SCV x2  
  74  6:45  Marine x2  
  76  6:51  Marine x2  
  76  6:53  SCV x2  
  76  6:54  Marine  
  83  6:59  Orbital Command  
  87  7:03  Marine x2  
  89  7:09  Marine x2  
  89  7:10  Barracks Reactor x2  
  89  7:12  Marauder  
  93  7:15  Widow Mine  
  93  7:16  Widow Mine  
  93  7:21  Marine x2, Terran Infantry Weapons Level 2  
  99  7:25  Supply Depot, Orbital Command  
  99  7:27  Marine x2  
  101  7:32  Supply Depot, SCV x2  
  101  7:33  Marine  
  101  7:35  Supply Depot  
  101  7:36  Terran Infantry Armor Level 2  
  103  7:39  Marine x2  
  104  7:45  Marine x2  
  104  7:49  Widow Mine x2  
  104  7:50  Marine  
  104  7:51  Marauder, Marine x3  
  108  7:54  SCV  
  108  7:55  SCV x2  
  108  7:56  Marine  
  115  8:06  Marine, SCV  
  115  8:07  Marine x2  
  115  8:08  Marine  
  122  8:13  Marauder  
  122  8:14  Marine x4  
  122  8:17  Medivac x2  
  130  8:20  Widow Mine x2  
  134  8:30  Marine x3  
  134  8:31  Marine x2  
  134  8:32  Marine x2  
  134  8:33  Marine  
  141  8:37  Supply Depot  
  141  8:39  Supply Depot  
  141  8:40  Marauder  
  133  8:44  SCV x3  
  133  8:47  Medivac  
  133  8:48  Marine  
  136  8:58  Marine x6  
  136  9:00  Marine  
  136  9:01  Marauder, Widow Mine x2  
  145  9:07  Medivac  
  145  9:20  Marine x3  
  145  9:21  Marine x4  
  145  9:23  Marauder  
  144  9:26  Marine  
  144  9:30  Widow Mine  
  147  9:38  Marine  
  146  9:44  Marauder  
  146  9:45  Marine x2  
  128  9:48  Marine  
  128  9:49  Widow Mine  
  128  9:50  Marine  
  128  9:51  Marine  
  128  9:52  Marine  
  120  9:55  Marine  
  120  9:56  Marine  
  120  9:58  Widow Mine  
  119  10:03  Marine x2, SCV x3  
  119  10:05  Marauder  
  126  10:08  Terran Infantry Weapons Level 3  
  126  10:15  Marine  
  126  10:16  Marine  
  126  10:18  Marine x2  
  130  10:21  Marine x3  
  130  10:22  Marine  
  130  10:27  Marauder  
  128  10:41  Marine x6  
  128  10:42  Marine  
  135  10:43  Widow Mine x2  
  135  10:45  SCV  
  135  10:46  SCV  
  135  10:48  Marauder  
  135  10:49  SCV  
  144  10:51  Marine  
  145  10:58  Marine  
  145  11:01  Marine  
  145  11:02  Marine x2  
  149  11:06  Terran Infantry Armor Level 3  
  149  11:10  Marauder  
  151  11:11  Widow Mine x2  
  151  11:12  Marine x3  
  151  11:15  Marine  
  151  11:16  Command Center  
  151  11:18  Liberator x2  
  139  11:29  Marine  
  139  11:31  Marauder  
  138  11:36  Starport  
  140  11:40  Widow Mine x2  
  140  11:42  Marine  
  140  11:44  Marine  
  140  11:45  Marine  
  140  11:46  Marine  
  134  11:52  Marauder  
  136  12:03  Marine x5  
  136  12:04  Marine  
  142  12:09  Liberator  
  142  12:11  Widow Mine x2  
  142  12:14  Marauder  
  145  12:17  Medivac  
  145  12:18  Medivac  
  145  12:20  Marine x3  
  150  12:23  Marine x2  
  150  12:24  Marine  
  156  12:30  Liberator x2  
  156  12:34  Planetary Fortress  
  156  12:35  Marauder  
  156  12:45  Widow Mine  
  164  12:52  Liberator  
  164  12:56  Marauder  
  161  13:08  Sensor Tower  
  161  13:11  Marine x5  
  161  13:12  Marine x3  
  172  13:17  Liberator  
  172  13:18  Marauder  
  174  13:28  Barracks  
  174  13:29  Marine x6, Barracks  
  174  13:30  Barracks  
  174  13:33  Supply Depot  
  180  13:34  Marine, Widow Mine x2  
  188  13:54  Marine  
  188  13:55  Marauder  
  194  13:59  Marine  
  194  14:00  Marine x2  
  196  14:06  Marine  
  196  14:09  Marine  
Tags
 
Add a new tag
Caveats
  • Supply blocks, unpowered buildings, or Contaminate may cause inaccurate times.
  • Supply counts are checked every 10 seconds.